 Dungeon Crawl Stone Soup version 0.24-a0-415-g6d73c25c48 (webtiles) character file.

Game seed: 17628435127819654640

404 Gargoyl the Skirmisher (level 6, -8/52 HPs)
             Began as a Centaur Abyssal Knight on June 7, 2019.
             Was a Believer of Lugonu.
             Mangled by an orc warrior
             ... wielding a +0 short sword
              (15 damage)
             ... on level 2 of the Dungeon.
             The game lasted 00:04:27 (3114 turns).

Gargoyl the Skirmisher (Centaur Abyssal Knight)     Turns: 3114, Time: 00:04:28

Health: -8/52      AC:  9    Str: 15    XL:     6   Next: 56%
Magic:  8/8        EV:  0    Int: 11    God:    Lugonu [**....]
Gold:   190        SH:  8    Dex: 10    Spells: 5/5 levels left

rFire    . . .     SeeInvis .   a - +4 hand axe
rCold    . . .     Gourm    .   i - +1 shield
rNeg     . . .     Faith    .   h - +0 plate armour
rPois    .         Spirit   .   (no helmet)
rElec    .         Reflect  .   (no cloak)
rCorr    .         Harm     .   (no gloves)
MR       .....                  (no barding)
Stlth    ..........             (no amulet)
HPRegen  0.17/turn              (no ring)
MPRegen  0.11/turn              (no ring)

@: very quick
A: large, hooves 3, deformed body, speed 2, tough skin 3
a: Depart the Abyss, Bend Space, Renounce Religion


You were on level 2 of the Dungeon.
You worshipped Lugonu.
Lugonu was pleased with you.
You were not hungry.

You visited 1 branch of the dungeon, and saw 3 of its levels.
You visited the Abyss 1 time.

You collected 190 gold pieces.

Inventory:

Hand Weapons
 a - a +4 hand axe (weapon)
Missiles
 k - 7 javelins (quivered)
 n - 5 silver javelins
Armour
 h - a +0 plate armour (worn)
 i - a +1 shield (worn)
Scrolls
 d - 6 scrolls of identify
 f - a scroll of amnesia
 g - 3 scrolls of remove curse
 m - a scroll of fear {unknown}
Potions
 b - 2 potions of heal wounds
 e - a potion of mutation {unknown}
 j - 2 potions of curing
 l - a potion of degeneration {unknown}
Comestibles
 c - 9 rations


   Skills:
 + Level 3.9 Fighting
 + Level 3.3 Axes
 * Level 3.0 Armour
 * Level 2.0 Dodging
 + Level 1.0 Shields
 * Level 3.1 Invocations


You had 5 spell levels left.
You didn't know any spells.
Your spell library contained the following spells:

 Spells                   Type           Power        Failure   Level  Hunger
 Animate Skeleton         Necr           N/A          100%        1    ##.....
 Apportation              Tloc           #.....       100%        1    ##.....
 Confusing Touch          Hex            #.....       100%        1    ##.....
 Summon Small Mammal      Summ           #...         100%        1    ##.....


Dungeon Overview and Level Annotations

Branches:
Dungeon (3/15)

Altars:
Zin


Innate Abilities, Weirdness & Mutations

You have hooves in place of feet.
Armour fits poorly on your strangely shaped body.
You cover ground very quickly.
You have extremely tough skin. (AC +3)


Message History

The orc warrior completely misses you. x2
Your plate armour prevents you from hitting the orc warrior.
The orc warrior is heavily wounded.
The orc warrior hits you with a +0 short sword!
You hit the orc warrior but do no damage.
The orc warrior is heavily wounded.
The orc warrior hits you with a +0 short sword!
Your shield and plate armour prevent you from hitting the orc warrior.
The orc warrior is heavily wounded.
The orc warrior hits you with a +0 short sword!
You hit the orc warrior but do no damage.
The orc warrior is heavily wounded.
The orc warrior hits you with a +0 short sword!
* * * LOW HITPOINT WARNING * * *
The orc warrior hits you but does no damage.
You hit the orc warrior but do no damage.
You kick the orc warrior.
The orc warrior is severely wounded.
The orc warrior hits you with a +0 short sword!
You die...

#.# #.....#...####
#.# #
######.###.....)...#
#.# #
#..................#
#.# #
#.####.............#
#.# # #.#
######.......## #.#
# #.# #.......# #.#
# #.# #.......# #.#
# #.# ####o#### #.#
# #.# #@# #.# #.#
#.# #.# ##.## #.#
####.# ##...#
#.#########....#
#..#.#
#.............##
#....#
#..######.....####
#.####
#.................
#.#
##..#####.....###.
#.######## #..#
##.....###.


You could see an orc warrior.

Vanquished Creatures
  Sigmund (D:2)
  A bullfrog (D:3)
  An orc priest (D:2)
  Terence (D:2)
  5 adders
  A white imp (Abyss:2)
  2 worms
  2 dart slugs (D:1)
  A leopard gecko (D:2)
  An orc (D:2)
  9 bats
  A giant cockroach (D:1)
  9 goblins
  5 hobgoblins
  7 jackals
  12 kobolds
  2 quokkas (D:2)
  2 ball pythons
  2 frilled lizards
  7 rats
72 creatures vanquished.

Notes
Turn   | Place    | Note
-------+----------+-------------------------------------------
     0 | Abyss:1  | Gargoyl the Centaur Abyssal Knight began the quest for the
                  | Orb.
     0 | Abyss:1  | Reached XP level 1. HP: 19/19 MP: 2/2
    51 | Abyss:2  | Noticed a neqoxec
    98 | D:1      | Escaped the Abyss
   325 | D:1      | Reached XP level 2. HP: 26/26 MP: 3/3
   703 | D:1      | Reached * piety under Lugonu
   713 | D:1      | Reached XP level 3. HP: 31/31 MP: 4/4
  1245 | D:2      | Reached skill level 1 in Dodging
  1382 | D:2      | Found a faded altar of an unknown god.
  1421 | D:2      | Noticed Terence
  1430 | D:2      | Reached XP level 4. HP: 31/40 MP: 5/5
  1457 | D:2      | Killed Terence
  2006 | D:2      | Noticed an orc warrior
  2158 | D:3      | Reached ** piety under Lugonu
  2169 | D:3      | Noticed a bullfrog
  2175 | D:3      | Killed a bullfrog
  2175 | D:3      | Reached XP level 5. HP: 37/46 MP: 5/7
  2641 | D:3      | Found a glowing silver altar of Zin.
  2786 | D:2      | Noticed Sigmund
  2797 | D:2      | Killed Sigmund
  2797 | D:2      | Reached skill level 1 in Shields
  2797 | D:2      | Reached XP level 6. HP: 18/52 MP: 8/8
  3114 | D:2      | Mangled by an orc warrior

Levels and vault maps discovered:
D:1:      lemuel_arrival_lava_pool, layout_basic, minmay_pentomino_t4
D:2:      layout_loops_ring, first_ration, chequers_ecumenical_altar_simple,
          uniq_terence, uniq_sigmund
D:3:      layout_rooms, lemuel_round_altar

Skill      XL: |  1  2  3  4  5  6 |
---------------+-------------------+-----
Axes           | 2 3 |  3.3
Armour         | 2 3 |  3.0
Dodging        | 1 2 |  2.0
Shields        | 1 |  1.0
Invocations    | 3 |  3.1
Fighting       | |  3.9

Action                   |  1- 3 |  4- 6 || total
-------------------------+-------+-------++-------
Melee: Hand axe          |   126 |   134 ||   260
       Kick              |    19 |    25 ||    44
Throw: Javelin           |       |     3 ||     3
Invok: Depart the Abyss  |     1 |       ||     1
  Use: Scroll            |     6 |     4 ||    10
       Potion            |       |     1 ||     1
  Eat: Chunk             |     1 |     5 ||     6
Armor: Leather armour    |     5 |       ||     5
       Ring mail         |     4 |       ||     4
       Chain mail        |    24 |       ||    24
       Plate armour      |    69 |    97 ||   166
Dodge: Dodged            |    23 |     6 ||    29
Block: Shield            |    35 |    45 ||    80

Table legend:
 A = Non-vault XP
 B = Vault XP
 C = Vault XP percentage of total XP
 D = Non-vault monster count
 E = Vault monster count
 F = Vault count percentage of total count
                 A         B        C        D         E       F
            +---------+---------+-------+---------+---------+-------
      Total |     314 |     264 |  45.7 |      66 |       6 |   8.3
            +---------+---------+-------+---------+---------+-------
        D:1 |      37 |       9 |  19.6 |      23 |       4 |  14.8
        D:2 |     117 |     255 |  68.5 |      28 |       2 |   6.7
        D:3 |     150 |       0 |   0.0 |      14 |       0 |   0.0
    Abyss:2 |      10 |       0 |   0.0 |       1 |       0 |   0.0
            +---------+---------+-------+---------+---------+-------
